 Dungeon Crawl Stone Soup version 0.30.0-19-g36f170ea60 (webtiles) character file.

Game seed: 16727580240186817742

153 Putekh the Chiller (level 5, -3/29 HPs)
             Began as a Tengu Ice Elementalist on May 27, 2023.
             Slain by a sleepcap (9 damage)
             ... on level 5 of the Dungeon.
             The game lasted 00:07:20 (2441 turns).

Putekh the Chiller (Tengu Ice Elementalist)         Turns: 2441, Time: 00:07:20

Health: -3/29      AC:  2    Str: 11      XL:     5   Next: 35%
Magic:  3/10       EV:  2    Int: 13 (15) God:
Gold:   173        SH:  0    Dex: 11 (14) Spells: 5/9 levels left

rFire   + . .        e - +2 dagger (venom)
rCold   x . .        (no shield)
rNeg    . . .        a - +0 robe
rPois   +            (helmet restricted)
rElec   .            (no cloak)
rCorr   .            (no gloves)
SInv    .            (boots unavailable)
Will    .....        (no amulet)
Stlth   ++           c - ring of fire
HPRegen 0.24/turn    h - ring of poison resistance
MPRegen 0.12/turn

%: no passive effects
@: sleeping, freezing walls, flying quickly and evasively, quick
A: beak, talons 3, nimble flight
a: no special abilities


You were on level 5 of the Dungeon.
You visited 1 branch of the dungeon, and saw 5 of its levels.

You collected 173 gold pieces.

Inventory:

Hand Weapons
 e - a +2 dagger of venom (weapon)
 i - a +2 dagger of holy wrath
Missiles
 j - a throwing net
Armour
 a - a +0 robe (worn)
Jewellery
 c - a ring of fire (left hand)
 h - a ring of poison resistance (right hand)
Wands
 f - a wand of digging (3)
Scrolls
 b - a scroll of identify {unknown}
 d - a scroll of enchant armour {unknown}
 g - a scroll of vulnerability {unknown}
 k - a scroll of fog {unknown}
 l - a scroll of fear {unknown}
 m - a scroll of teleportation {unknown}
 o - a scroll of magic mapping {unknown}
Potions
 n - a potion of lignification {unknown}


   Skills:
 * Level 1.2 Fighting
 * Level 0.9 Short Blades
 * Level 0.1 Throwing
 * Level 1.3 Armour
 * Level 2.6 Dodging
 * Level 2.4 Stealth
 * Level 1.3 Unarmed Combat
 * Level 2.7 Spellcasting
 * Level 4.3 Ice Magic


You had 5 spell levels left.
You knew the following spells:

 Your Spells              Type           Power      Damage    Failure   Level
a - Freeze                Ice            52%        1d6       4%          1
b - Frozen Ramparts       Ice            26%        1d4       12%         3

Your spell library contained the following spells:

 Spells                   Type           Power      Damage    Failure   Level
 Ozocubu's Armour         Ice            13%        N/A       12%         3
 Summon Ice Beast         Ice/Summ       7%         N/A       67%         4


Dungeon Overview and Level Annotations

Branches:
Dungeon (5/15)
 Temple: D:4-7

Altars:
Ashenzari


Innate Abilities, Weirdness & Mutations

You have a beak for a mouth.
You have claws for feet.
Your magical nature lets you fly swiftly and evasively.


Message History

The walls around you are covered in ice.
The wall freezes the sleepcap.
The sleepcap misses you.
Unknown command.
Aiming: Freeze (safe; 4% risk of failure)
Press: ? - help, Q - select action, (/) - cycle Shift-Dir - straight line, f - sleepcap
Aim: a sleepcap (heavily damaged)
You freeze the sleepcap.
The sleepcap is heavily damaged.
The wall freezes the sleepcap but does no damage.
The sleepcap releases spores at you.
* * * LOW HITPOINT WARNING * * *
You are engulfed in a cloud of soporific spores!
You are unaffected.
Unknown command.
Aiming: Freeze (safe; 4% risk of failure)
Press: ? - help, Q - select action, (/) - cycle Shift-Dir - straight line, f/p - sleepcap
Aim: a sleepcap (heavily damaged)
You freeze the sleepcap.
The sleepcap is severely damaged.
The wall freezes the sleepcap but does no damage.
The sleepcap barely misses you.
Aiming: Freeze (safe; 4% risk of failure)
Press: ? - help, Q - select action, (/) - cycle Shift-Dir - straight line, f/p - sleepcap
Aim: a sleepcap (severely damaged)
You freeze the sleepcap.
The sleepcap is severely damaged.
The wall freezes the sleepcap but does no damage.
The sleepcap barely misses you.
Aiming: Freeze (safe; 4% risk of failure)
Press: ? - help, Q - select action, (/) - cycle Shift-Dir - straight line, f/p - sleepcap
Aim: a sleepcap (severely damaged)
You freeze the sleepcap.
The sleepcap is severely damaged.
The wall freezes the sleepcap.
The sleepcap releases spores at you.
* * * LOW HITPOINT WARNING * * *
You are engulfed in a cloud of soporific spores!
You fall asleep.
The wall freezes the sleepcap but does no damage.
The sleepcap releases spores at you!
You die...

# #.#.# .......#
#.###.#.##.......#
#.................
##.......#.....#...
#.......#....<#..
..........###.###
.# ##........# .#
##.......###f###...
#........$@.......
.8....#####........
...### #.#####.#
... #.# #.# #.# #.#
#.#


You could see a sleepcap.

Vanquished Creatures
  A bullfrog (D:4)
  Ijyb (D:5)
  An adder (D:3)
  A white imp (D:5)
  2 dart slugs
  An orc (D:3)
  A bat (D:3)
  2 endoplasms
  A giant cockroach (D:2)
  5 goblins
  2 hobgoblins
  7 jackals (D:2)
  2 quokkas
  2 ball pythons
  4 frilled lizards
  4 kobolds
  A rat (D:2)
38 creatures vanquished.

Notes
Turn   | Place    | Note
-------+----------+-------------------------------------------
     0 | D:1      | Putekh the Tengu Ice Elementalist began the quest for the
                  | Orb.
     0 | D:1      | Reached XP level 1. HP: 10/10 MP: 4/4
   173 | D:1      | Reached XP level 2. HP: 15/15 MP: 4/6
   729 | D:2      | Reached skill level 4 in Ice Magic
  1094 | D:2      | Reached XP level 3. HP: 17/20 MP: 4/7
  1098 | D:2      | Learned a level 3 spell: Frozen Ramparts
  1245 | D:3      | Reached skill level 1 in Armour
  1369 | D:3      | Reached skill level 1 in Fighting
  1890 | D:4      | Noticed a bullfrog
  1897 | D:4      | Killed a bullfrog
  1898 | D:4      | Reached skill level 1 in Unarmed Combat
  1898 | D:4      | Reached XP level 4. HP: 7/25 MP: 1/8
  1898 | D:4      | Gained mutation: Your magical nature lets you fly swiftly
                  | and evasively. [Tengu growth]
  1898 | D:4      | Reached XP level 5. HP: 8/29 MP: 1/9
  2044 | D:4      | Found a broken altar of Ashenzari.
  2173 | D:5      | Entered Level 5 of the Dungeon
  2174 | D:5      | Noticed Ijyb
  2183 | D:5      | Killed Ijyb
  2441 | D:5      | Slain by a sleepcap

Illustrated notes

Levels and vault maps discovered:
D:1:      dpeg_arrival_shelter, layout_basic,
          hellmonk_ecumenical_altar_pennies_from_heaven
D:2:      layout_loops_corners
D:3:      layout_loops_cross, grunt_ministairs_13,
          chequers_serial_rivers_large_a, minmay_misc_feat_secret_circle
D:4:      layout_basic, nicolae_ashenzari_skybound, serial_bayou_lake_a
D:5:      layout_loops_ring, minitemple, minmay_ruined_shrine, uniq_ijyb,
          uniq_sigmund

Skill      XL: |  1  2  3 |
---------------+----------+-----
Ice Magic      | 4 |  4.3
Armour         | 1 |  1.3
Fighting       | 1 |  1.2
Unarmed Combat | 1 |  1.3
Short Blades   | |  0.9
Throwing       | |  0.1
Dodging        | |  2.6
Stealth        | |  2.4
Spellcasting   | |  2.7

Action                     |  1- 3 |  4- 6 || total
---------------------------+-------+-------++-------
  Melee: Unarmed           |    12 |       ||    12
         Peck              |     5 |     1 ||     6
         Kick              |     3 |     4 ||     7
         Dagger            |    16 |    10 ||    26
   Cast: Freeze            |    38 |     9 ||    47
         Frozen Ramparts   |     2 |     2 ||     4
    Use: Scroll            |     2 |       ||     2
         Potion            |     1 |     2 ||     3
   Stab: Sleeping          |     2 |     1 ||     3
 Armour: Robe              |     8 |       ||     8
  Dodge: Dodged            |    48 |     8 ||    56
